 Dungeon Crawl Stone Soup version 0.28.0-53-g5a82cb258f (webtiles) character file.

Game seed: 13066082768074366443

3640 Jwatts the Basher (level 9, -2/79 HPs)
             Began as a Minotaur Fighter on July 28, 2022.
             Was a Priest of Trog.
             Slain by a boulder beetle (21 damage)
             ... on level 8 of the Dungeon.
             The game lasted 01:00:16 (15586 turns).

Jwatts the Basher (Minotaur Fighter)               Turns: 15586, Time: 01:00:17

Health: -2/79      AC: 22    Str: 24    XL:     9   Next: 88%
Magic:  8/8        EV: 10    Int:  5    God:    Trog [***...]
Gold:   196        SH:  5    Dex: 11    Spells: 8/8 levels left

rFire   + . .      SeeInvis +   F - +0 morningstar (protect)
rCold   . . .      Faith    +   c - +0 buckler
rNeg    . . .      Spirit   .   x - +0 swamp dragon scales
rPois   +          Reflect  .   u - +1 hat
rElec   +          Harm     .   (no cloak)
rCorr   .          Rampage  .   k - +0 pair of gloves
Will    .....                   e - +1 pair of boots
Stlth   +.........              z - amulet of faith
HPRegen 0.23/turn               A - ring of protection from fire
MPRegen 0.11/turn               B - ring of see invisible

@: under a protective aura
A: horns 2, retaliatory headbutt, electricity resistance
a: Renounce Religion, Berserk, Trog's Hand


You were on level 8 of the Dungeon.
You worshipped Trog.
Trog was most pleased with you.
You visited 2 branches of the dungeon, and saw 9 of its levels.

You collected 398 gold pieces.
You spent 202 gold pieces at shops.

Inventory:

Hand Weapons
 l - a +0 hunting sling
 o - a +0 scimitar
 y - a +0 trident
 F - a +0 morningstar of protection (weapon)
Missiles
 b - 69 stones (quivered)
 q - 23 sling bullets
Armour
 c - a +0 buckler (worn)
 e - a +1 pair of boots (worn)
 k - a +0 pair of gloves (worn)
 u - a +1 hat (worn)
 x - +0 swamp dragon scales (worn)
Jewellery
 g - an amulet of regeneration
 h - an amulet of guardian spirit
 r - a +6 ring of dexterity
 t - a ring of resist corrosion
 z - an amulet of faith (around neck)
 A - a ring of protection from fire (left hand)
 B - a ring of see invisible (right hand)
Scrolls
 a - a scroll of amnesia
 m - a scroll of immolation
 n - 10 scrolls of identify
 v - a scroll of holy word
 w - a scroll of fear
 D - 2 scrolls of teleportation
 E - 2 scrolls of enchant armour
 G - a scroll of enchant weapon
Potions
 d - 3 potions of might
 f - 6 potions of curing
 i - a potion of mutation
 j - a potion of haste
 p - a potion of flight
 s - 2 potions of heal wounds


   Skills:
 + Level 7.6 Fighting
 + Level 11.4 Maces & Flails
 + Level 10.1 Armour
 + Level 1.0 Dodging
 + Level 0.4 Stealth
 + Level 6.2 Shields


You had 8 spell levels left.
You didn't know any spells.
Your spell library contained the following spells:

 Spells                   Type           Power      Damage    Failure   Level
 Freeze                   Ice            0%         1d3       67%         1
 Static Discharge         Conj/Air       0%         N/A       82%         2
 Conjure Flame            Conj/Fire      0%         6-21      96%         3
 Frozen Ramparts          Ice            0%         1d2       96%         3
 Gell's Gravitas          Tloc           0%         N/A       96%         3
 Ignite Poison            Fire/Tmut/Pois 0%         N/A       96%         3
 Teleport Other           Tloc           0%         N/A       96%         3
 Dispel Undead            Necr           0%         3d6       100%        4
 Hailstorm                Conj/Ice       0%         3d3       100%        4
 Sticky Flame             Conj/Fire      0%         2d3       100%        4
 Dispersal                Tloc           0%         N/A       100%        6


Dungeon Overview and Level Annotations

Branches:
Dungeon (8/15)             Temple (1/1) D:4
   Lair: D:8-11

Altars:
Ashenzari
Cheibriados
Dithmenos
Elyvilon
Fedhas
Gozag
Kikubaaqudgha
Makhleb
Okawaru
Qazlal
Ru
Sif Muna
Trog
Uskayaw
Wu Jian
Yredelemnul
Zin

Shops:
D:2 [   D:7 *


Innate Abilities, Weirdness & Mutations

You have a pair of horns on your head.
You reflexively headbutt those who attack you in melee.
You are resistant to electric shocks. (rElec)


Message History

The boulder beetle leaps!
A bullfrog comes into view.
The bullfrog croaks.
The bullfrog hits you but does no damage.
You puncture the bullfrog!
Your weapon exudes an aura of protection.
The bullfrog is heavily wounded.
The bullfrog closely misses you. You furiously retaliate!
You headbutt the bullfrog.
The bullfrog hits you but does no damage.
You closely miss the bullfrog.
The bullfrog is heavily wounded.
The bullfrog barely misses you.
The bullfrog hits you but does no damage.
You bludgeon the bullfrog!!
You kill the bullfrog!
Trog accepts your kill. What are your orders? t - Shout!
Orders for allies: a - Attack new target. r - Retreat! s - Stop attacking. g - Guard the area. f - Follow me.
Anything else - Cancel.
Okay, then.
You start resting.
A boulder beetle is nearby!
A boulder beetle is nearby!
The boulder beetle closely misses you. You furiously retaliate!
You headbutt the boulder beetle, but do no damage.
The boulder beetle bites you!
You hit the boulder beetle.
Your weapon exudes an aura of protection.
The boulder beetle is heavily wounded.
The boulder beetle bites you!
* * * LOW HITPOINT WARNING * * *
You hit the boulder beetle but do no damage.
You headbutt the boulder beetle!
The boulder beetle is severely wounded.
The boulder beetle bites you!!
You die...

#................#
#................#
#.....#####......#
###.....#...#......#
........#...'......#####
........#...#...........
........#...#...........
........#...##'####.....
.......@B)........#.....
........#.........'.....
........#<..##.<..#.....
###.....#...##....#.....
#.....'(..##....######
#.....#...#.....#.....
#######...#.....#.....
#...##../.##....
####'##....##....


You could see a boulder beetle.

Vanquished Creatures
  Maggie (D:8)
  A hornet (D:8)
  Grinder (D:5)
  A wyvern (D:7)
  A water moccasin (D:6)
  Duvessa (D:7)
  2 orc warriors
  2 black bears
  2 hornet zombies
  3 ice beasts
  A necrophage (D:7)
  An ogre (D:6)
  A centaur (D:6)
  2 phantoms
  2 bullfrogs (D:8)
  A kobold brigand (D:8)
  A water moccasin zombie (D:5)
  3 scorpions
  Dowan (D:7)
  A howler monkey (D:8)
  A centaur zombie (D:8)
  5 hounds
  A bullfrog skeleton (D:5)
  An orc priest (D:8)
  3 centaur skeletons
  5 iguanas
  4 orc wizards
  A scorpion zombie (D:5)
  A mummy (D:3)
  5 river rats (D:6)
  12 adders
  2 shadow imps (D:7)
  4 worms (D:3)
  3 dart slugs
  22 orcs
  10 ball pythons
  7 endoplasms
  2 giant cockroaches (D:1)
  7 hobgoblins
  3 jackals (D:3)
  5 quokkas
  2 bats
  A frilled lizard (D:2)
  A goblin (D:1)
  14 kobolds
  A quokka zombie (D:8)
  25 rats
  A rat zombie (D:8)
  A spectral kobold (D:1)
179 creatures vanquished.

Vanquished Creatures (others)
  A wizard (D:3)
1 creature vanquished.

Grand Total: 180 creatures vanquished

Notes
Turn   | Place    | Note
-------+----------+-------------------------------------------
     0 | D:1      | Jwatts the Minotaur Fighter began the quest for the Orb.
     0 | D:1      | Reached XP level 1. HP: 19/19 MP: 0/0
   331 | D:1      | Found a faded altar of an unknown god.
   345 | D:1      | Reached XP level 2. HP: 15/27 MP: 1/1
  1466 | D:1      | Gained mutation: You are resistant to electric shocks.
                  | (rElec) [potion of mutation]
  1466 | D:1      | Gained mutation: Your natural rate of healing is unusually
                  | fast. [potion of mutation]
  1466 | D:1      | Lost mutation: Your natural rate of healing is unusually
                  | fast. [potion of mutation]
  1498 | D:2      | Reached skill level 3 in Maces & Flails
  1498 | D:2      | Reached XP level 3. HP: 31/33 MP: 2/2
  2112 | D:2      | Found Exicesab's Antique Armour Shoppe.
  2512 | D:3      | Found a snail-covered altar of Cheibriados.
  2751 | D:3      | Reached XP level 4. HP: 40/40 MP: 3/3
  3780 | D:3      | Reached skill level 4 in Maces & Flails
  4081 | D:3      | Found a bloodstained altar of Trog.
  4083 | D:3      | Noticed a wizard
  4087 | D:3      | Killed a wizard
  4106 | D:3      | Became a worshipper of Trog the Wrathful
  4243 | D:3      | Reached skill level 5 in Armour
  4245 | D:3      | Reached XP level 5. HP: 46/46 MP: 4/4
  5460 | D:4      | Reached skill level 5 in Maces & Flails
  5460 | D:4      | Reached XP level 6. HP: 20/53 MP: 3/5
  6194 | D:4      | Found an iron altar of Okawaru.
  6697 | D:4      | Found a staircase to the Ecumenical Temple.
  6709 | Temple   | Entered the Ecumenical Temple
  7134 | D:5      | Entered Level 5 of the Dungeon
  7880 | D:5      | Reached skill level 6 in Maces & Flails
  8141 | D:5      | Found a sacrificial altar of Ru.
  8181 | D:5      | Reached XP level 7. HP: 60/60 MP: 6/6
  9187 | D:5      | Reached skill level 5 in Fighting
  9402 | D:5      | Noticed Grinder
  9423 | D:5      | Killed Grinder
  9424 | D:5      | Reached skill level 7 in Maces & Flails
  9534 | D:5      | Reached * piety under Trog
  9600 | D:5      | Reached XP level 8. HP: 68/68 MP: 7/7
 10101 | D:6      | Reached skill level 5 in Shields
 10116 | D:6      | Reached skill level 8 in Maces & Flails
 10169 | D:6      | Found an ornate altar of the Wu Jian Council.
 10722 | D:6      | Found a white marble altar of Elyvilon.
 10741 | D:6      | Reached skill level 9 in Maces & Flails
 11329 | D:6      | Reached ** piety under Trog
 11607 | D:7      | Noticed Dowan
 11608 | D:7      | Noticed Duvessa
 11627 | D:7      | Killed Duvessa
 11628 | D:7      | Reached XP level 9. HP: 63/75 MP: 8/8
 11649 | D:7      | Killed Dowan
 12475 | D:7      | Reached skill level 10 in Maces & Flails
 13628 | D:7      | Found Pewkay's General Store.
 13754 | D:7      | Bought a potion of curing for 45 gold pieces
 13754 | D:7      | Bought a potion of curing for 45 gold pieces
 13754 | D:7      | Bought a scroll of enchant weapon for 112 gold pieces
 13775 | D:7      | Found a shimmering blue altar of Sif Muna.
 14288 | D:8      | Noticed Maggie
 14307 | D:8      | Killed Maggie
 14658 | D:8      | Reached skill level 11 in Maces & Flails
 14658 | D:8      | Reached skill level 10 in Armour
 15510 | D:8      | Reached skill level 1 in Dodging
 15513 | D:8      | Reached *** piety under Trog
 15555 | D:8      | Noticed a boulder beetle
 15586 | D:8      | Slain by a boulder beetle

Illustrated notes

Levels and vault maps discovered:
D:1:      saegor_arrival_miasma, layout_basic,
          dreamdust_ecumenical_altar_drowned_temple, minmay_pentomino_r4
D:2:      layout_rooms, serial_shops, shop
D:3:      layout_loops_ring, slow_altar_1, trog_wizard, minmay_snake_closets
D:4:      layout_loops_ring, kennysheep_little_box,
          minmay_temple_entry_sparse_star
D:5:      layout_loops_corners, amcnicky_altar_gilded, grunt_ministairs_7,
          minivault_11, uniq_grinder
D:6:      layout_rooms, elyvilon_altar_5, nicolae_overflow_crystal_walls,
          dk_rats_in_the_wall
D:7:      layout_gridville, mainiacjoe_overflow_alcove_4, serial_shops, shop,
          uniq_duvessa
D:8:      layout_gridville, enter_ossuary_4, uniq_maggie
Temple:   zaba_magenta_temple

Skill      XL: |  1  2  3  4  5  6  7  8  9 |
---------------+----------------------------+-----
Fighting       | 4 5 7 |  7.6
Armour         | 4 5 6 7 8 10 | 10.1
Maces & Flails | 3 4 5 6 7 9 11 | 11.4
Shields        | 4 5 6 |  6.2
Dodging        | 1 |  1.0
Stealth        | |  0.4

Action                   |  1- 3 |  4- 6 |  7- 9 || total
-------------------------+-------+-------+-------++-------
Melee: Flail             |   113 |   115 |    42 ||   270
       Headbutt          |     5 |    21 |    70 ||    96
       Mace              |       |       |    78 ||    78
       Morningstar       |       |       |   185 ||   185
  Use: Potion            |     3 |     2 |     2 ||     7
       Scroll            |     2 |     6 |     3 ||    11
Armor: Scale mail        |    16 |       |       ||    16
       Plate armour      |    58 |    89 |   177 ||   324
       Swamp dragon scal |       |       |    22 ||    22
Dodge: Dodged            |    48 |    33 |   114 ||   195
Block: Buckler           |    32 |    24 |   101 ||   157
